 Dungeon Crawl Stone Soup version 0.30-a0-782-ge64f9170bb (webtiles) character file.

Game seed: 10146141255035504179

428 Leeroy the Changer (level 6, 0/39 HPs)
             Began as an Octopode Transmuter on Feb 22, 2023.
             Slain by an orc
             ... wielding a +0 club
              (2 damage)
             ... on level 4 of the Dungeon.
             The game lasted 00:03:29 (2762 turns).

Leeroy the Changer (Octopode Transmuter)            Turns: 2762, Time: 00:03:30

Health: 0/39       AC:  1    Str: 10    XL:     6   Next: 98%
Magic:  9/9        EV: 13    Int: 17    God:
Gold:   151        SH:  0    Dex: 12    Spells: 1/9 levels left

rFire   . . .      SeeInvis .      - Unarmed
rCold   . . .      Faith    .    (no shield)
rNeg    . . .      Spirit   .    (helmet restricted)
rPois   .          Reflect  .    (no amulet)
rElec   .          Harm     .    (no ring)
rCorr   .          Rampage  .    (no ring)
Will    .....                    (no ring)
Stlth   ++                       (no ring)
HPRegen 0.26/turn                (no ring)
MPRegen 0.11/turn                (no ring)
                                 (no ring)
                                 (no ring)

@: lethally poisoned (0 -> 0), about to teleport
A: almost no armour, amphibious, 8 rings, camouflage 1, gelatinous body 1,
(nimble swimmer 1), tentacles
a: no special abilities


You were on level 4 of the Dungeon.
You visited 1 branch of the dungeon, and saw 4 of its levels.

You collected 151 gold pieces.

Inventory:

Scrolls
 f - a scroll of fog {unknown}
 g - a scroll of teleportation
 h - a scroll of noise {unknown}
 j - a scroll of poison {unknown}
 k - a scroll of vulnerability {unknown}
 l - 2 scrolls of enchant armour {unknown}
 n - a scroll of magic mapping {unknown}
 o - a scroll of enchant weapon {unknown}
Potions
 a - a potion of lignification
 b - 3 potions of curing {unknown}
 c - a potion of brilliance {unknown}
 d - 4 potions of might {unknown}
 e - a potion of berserk rage {unknown}
 i - a potion of heal wounds {unknown}
 m - 2 potions of ambrosia {unknown}


   Skills:
 - Level 2.0 Fighting
 - Level 2.0 Dodging
 - Level 4.5 Unarmed Combat
 - Level 2.0 Spellcasting
 + Level 6.0 Transmutations


You had one spell level left.
You knew the following spells:

 Your Spells              Type           Power      Damage    Failure   Level
a - Beastly Appendage     Tmut           44%        N/A       1%          1
b - Spider Form           Tmut/Pois      12%        N/A       17%         3
c - Ice Form              Ice/Tmut       12%        N/A       50%         4

Your spell library contained the following spells:

 Spells                   Type           Power      Damage    Failure   Level
 Wereblood                Tmut           22%        N/A       2%          2
 Gell's Gravitas          Tloc           1%         N/A       50%         3
 Teleport Other           Tloc           1%         N/A       50%         3
 Freezing Cloud           Conj/Ice/Air   0%         6-21      99%         5
 Dispersal                Tloc           0%         N/A       100%        6
 Simulacrum               Ice/Necr       0%         N/A       100%        6
 Polar Vortex             Ice            0%         N/A       100%        9


Dungeon Overview and Level Annotations

Branches:
Dungeon (4/15)
 Temple: D:4-7

Altars:

Shops:
D:1 [


Innate Abilities, Weirdness & Mutations

You cannot wear most types of armour.
You are amphibious.
You can wear up to eight rings at the same time.
Your skin changes colour to match your surroundings (Stealth+).
Your rubbery body absorbs attacks. (AC +1, EV +1)
((You are camouflaged when in or above water. (Stealth+)))
You have tentacles for arms and can constrict up to eight enemies at once.


Message History

You feel sick. The adder attacks as you move away!
The adder bites you but does no damage.
You feel sick.
You miss the adder. You grab the adder. You constrict the adder.
You feel sick. The adder closely misses you.
An orc comes into view.
It is wielding a +0 hand axe and quivering silver boomerangs.
The orc shouts!
You tentacle-slap the adder.
The adder is heavily wounded.
You constrict the adder.
You feel sick. The adder bites you. x2
You are more poisoned.
The adder poisons you!
You release your grip on the adder.
An orc comes into view. It is wielding a +0 dagger.
You feel sick.
The orc moves out of view.
You feel sick.
You barely miss the adder. Your grab misses the adder.
Your tentacle-slap misses the adder.
The adder is heavily wounded.
You feel sick. The adder closely misses you.
The orc shouts!
You tentacle-slap the adder. You grab the adder.
The adder is almost dead.
You constrict the adder.
You feel sick. The adder bites you. x2
As you read the scroll labelled RUIGOA FUEMAKH, it crumbles to dust.
You feel strangely unstable.
It was a scroll of teleportation.
You constrict the adder.
You kill the adder!
You feel sick.
You barely miss the orc. Your grab misses the orc.
You feel sick.
A goblin comes into view. It is wielding a +0 dagger.
The orc hits you with a +0 hand axe.
* * * LOW HITPOINT WARNING * * *
The orc closely misses you.
You closely miss the orc. Your grab misses the orc.
Your squeeze misses the orc.
You feel sick. The orc hits you with a +0 hand axe.
* * * LOW HITPOINT WARNING * * *
The orc hits you with a +0 club.
You die...

....####............#####..##
...>.# #####....##### ##..##
#....# ##...## ##..# ######
#....# #..# ##...# ##.##
#...## #..# #####....### ####
......o....# ##.##.#@##.#
##.##.#o##[## ......oh##..#
.##.#.#.##..# ....#.....#
.#g# #.##..# ...#.)†##...#
..[...#.##..^..
.$..#.#......###


You could see a black bear, 3 orcs and a goblin.

Vanquished Creatures
  Sigmund (D:3)
  A phantom (D:4)
  2 iguanas (D:4)
  An orc wizard (D:4)
  6 adders
  2 worms (D:2)
  2 dart slugs (D:2)
  An orc (D:4)
  3 bats
  3 endoplasms
  2 giant cockroaches
  6 goblins
  7 hobgoblins
  4 jackals (D:4)
  3 quokkas
  5 ball pythons
  2 frilled lizards (D:1)
  6 kobolds
  7 rats
64 creatures vanquished.

Notes
Turn   | Place    | Note
-------+----------+-------------------------------------------
     0 | D:1      | Leeroy the Octopode Transmuter began the quest for the Orb.
     0 | D:1      | Reached XP level 1. HP: 13/13 MP: 3/3
   227 | D:1      | Reached XP level 2. HP: 18/18 MP: 5/5
   342 | D:1      | Found Raeto's Antique Armour Emporium.
   606 | D:1      | You fall into a shaft and drop 1 floor!
   631 | D:2      | Reached XP level 3. HP: 7/23 MP: 6/6
   905 | D:2      | Reached XP level 4. HP: 23/29 MP: 7/7
   947 | D:2      | Learned a level 3 spell: Spider Form
  1378 | D:3      | Noticed Sigmund
  1388 | D:3      | Killed Sigmund
  1389 | D:3      | Reached skill level 4 in Transmutations
  1389 | D:3      | Reached XP level 5. HP: 34/34 MP: 4/8
  1389 | D:3      | Reached XP level 6. HP: 39/39 MP: 4/9
  1451 | D:3      | Learned a level 4 spell: Ice Form
  2156 | D:4      | Reached skill level 5 in Transmutations
  2745 | D:4      | Noticed a black bear
  2749 | D:4      | Reached skill level 6 in Transmutations
  2762 | D:4      | Slain by an orc

Illustrated notes

Levels and vault maps discovered:
D:1:      reono_arrival_forest_river, layout_basic, serial_shops, shop,
          lemuel_flame_loot_1
D:2:      layout_rooms
D:3:      layout_basic, uniq_sigmund
D:4:      layout_cave_pods, minmay_diced_spiral

Skill      XL: |  1  2  3  4  5  6 |
---------------+-------------------+-----
Unarmed Combat | 4 |  4.5
Fighting       | 2 |  2.0
Transmutations | 4 6 |  6.0
Dodging        | |  2.0
Spellcasting   | |  2.0

Action                     |  1- 3 |  4- 6 || total
---------------------------+-------+-------++-------
  Melee: Unarmed           |    86 |    96 ||   182
         Constrict         |    18 |    22 ||    40
         Tentacles         |    13 |    17 ||    30
         Punch             |     5 |     2 ||     7
   Cast: Spider Form       |       |     1 ||     1
    Use: Scroll            |       |     1 ||     1
   Stab: Sleeping          |       |     3 ||     3
 Armour: Skin              |     7 |     8 ||    15
  Dodge: Dodged            |    59 |    57 ||   116

Table legend: (Time is in decaauts)
 A = Elapsed time spent in this place.
 B = Non-inter-level travel time spent in this place.
 C = Inter-level travel time spent in this place.
 D = Time resting spent in this place.
 E = Time spent auto-exploring this place.
 F = Levels seen in this place.
 G = Mean time per level.
                   A        B        C        D        E       F      G
               +--------+--------+--------+--------+--------+-----+--------+
         Total |   2748 |   2701 |     47 |    151 |   2114 |   4 |  687.0 |
       Dungeon |   2748 |   2701 |     47 |    151 |   2114 |   4 |  687.0 |
               +--------+--------+--------+--------+--------+-----+--------+

Top non-repeatable levels by time:
     D:3: 804 daAuts
     D:1: 757 daAuts
     D:4: 727 daAuts
     D:2: 459 daAuts
